SAAA
TREMONT DOUBLEDAYS @ SCRANTON SUPERNOVAS
09/05/2017
 
TOP OF THE 1ST
Tremont Doubledays batting - Pitching for Scranton Supernovas : RHP Robert Archer
Pitching: RHP Robert Archer
Batting: RHB José Romero 0-0: Ball
1-0: Called Strike
1-1: Bunt missed!
1-2: Foul Ball, location: 2F
1-2: SINGLE (Groundball, 56D)
Batting: SHB Ludovico Bluemel 0-0: Ball
1-0: Ball
2-0: Called Strike
2-1: DOUBLE (Line Drive, 5D)
José Romero to third
Batting: RHB Juan Torres 0-0: Ball
1-0: Foul Ball, location: 2F
1-1: Ball
2-1: Called Strike
2-2: Ball
3-2: Base on Balls
Batting: SHB Carroll Kline 0-0: Called Strike
0-1: Ball
1-1: Ball
2-1: Fly out, F6 (Line Drive, 6)
Batting: LHB Arturo Acosta 0-0: Ball
1-0: Ball
2-0: Ball
3-0: Called Strike
3-1: Called Strike
3-2: Foul Ball, location: 2F
3-2: SINGLE (Flyball, 7LS)
José Romero scores
Ludovico Bluemel to third
Juan Torres to second
Runner from 3rd tries for Home, SAFE, throw made home
Juan Torres to third
Arturo Acosta to second
Batting: SHB Tom Smith 0-0: Called Strike
0-1: Called Strike
0-2: Strikes out swinging
Batting: RHB Juan Benítez 0-0: Called Strike
0-1: Ball
1-1: Foul Ball, location: 2F
1-2: Strikes out looking
Top of the 1st over - 2 run(s), 3 hit(s), 0 error(s), 2 left on base; Tremont 2 - Scranton 0
BOTTOM OF THE 1ST
Scranton Supernovas batting - Pitching for Tremont Doubledays : LHP Benjamin Brouwer
Pitching: LHP Benjamin Brouwer
Batting: RHB Ryan Simpson 0-0: Ball
1-0: Ball
2-0: Ball
3-0: Base on Balls
Batting: RHB Phil Fleming 0-0: Ball
1-0: Fly out, F9 (Flyball, 89S)
Batting: LHB Sébastien Rolland 0-0: Fly out, F5 (Popup, 5S)
Batting: RHB Russell Jackson 0-0: Ball
1-0: Called Strike
Pickoff Throw to First - Error! E1
Ryan Simpson to second
1-1: Ball
2-1: Foul Ball, location: 2F
2-2: Ball
3-2: Base on Balls
Batting: RHB Jerome Wilson 0-0: DOUBLE (Line Drive, 7LM)
Ryan Simpson scores
Russell Jackson to third
Runner from 3rd tries for Home, SAFE, no throw or cutoff
Batting: RHB Soseki Matsunaga 0-0: Fly out, F6 (Popup, 6MD)
Bottom of the 1st over - 2 run(s), 1 hit(s), 1 error(s), 1 left on base; Tremont 2 - Scranton 2
TOP OF THE 2ND
Tremont Doubledays batting - Pitching for Scranton Supernovas : RHP Robert Archer
Batting: RHB Floyd Banks 0-0: Ball
1-0: SOLO HOME RUN (Flyball, 7D), Distance : 411 ft
Batting: RHB Manny Rodríguez 0-0: Called Strike
0-1: Ball
1-1: Foul Ball, location: 2F
1-2: Strikes out swinging
Batting: RHB José Romero 0-0: Called Strike
0-1: Ground out 6-3 (Groundball, 6)
Batting: SHB Ludovico Bluemel 0-0: Called Strike
0-1: Ball
1-1: Called Strike
1-2: Fly out, F5 (Popup, 5F)
Top of the 2nd over - 1 run(s), 1 hit(s), 0 error(s), 0 left on base; Tremont 3 - Scranton 2
BOTTOM OF THE 2ND
Scranton Supernovas batting - Pitching for Tremont Doubledays : LHP Benjamin Brouwer
Batting: LHB Lee Williams 0-0: Swinging Strike
0-1: Ball
1-1: Ball
2-1: Fly out, F9 (Flyball, 89M)
Batting: RHB Matt Brown 0-0: Called Strike
0-1: Ball
1-1: Swinging Strike
1-2: Strikes out looking
Batting: LHB Mark Evans 0-0: Called Strike
0-1: Foul Ball, location: 2F
0-2: Foul Ball, location: 2F
0-2: Ball
1-2: Ball
2-2: Strikes out looking
Bottom of the 2nd over - 0 run(s), 0 hit(s), 0 error(s), 0 left on base; Tremont 3 - Scranton 2
TOP OF THE 3RD
Tremont Doubledays batting - Pitching for Scranton Supernovas : RHP Robert Archer
Batting: RHB Juan Torres 0-0: Foul Ball, location: 2F
0-1: Called Strike
0-2: Ball
1-2: Ball
2-2: Foul Ball, location: 2F
2-2: DOUBLE (Line Drive, 89XD)
Batting: SHB Carroll Kline 0-0: Ball
1-0: Foul Ball, location: 2F
1-1: Ball
2-1: Called Strike
2-2: Fly out, F7 (Line Drive, 78M)
Batting: LHB Arturo Acosta 0-0: Ball
1-0: Fly out, F9 (Flyball, 9D)
Batting: SHB Tom Smith 0-0: Ball
1-0: Called Strike
1-1: Ball
2-1: Fly out, F8 (Flyball, 8RM)
Top of the 3rd over - 0 run(s), 1 hit(s), 0 error(s), 1 left on base; Tremont 3 - Scranton 2
BOTTOM OF THE 3RD
Scranton Supernovas batting - Pitching for Tremont Doubledays : LHP Benjamin Brouwer
Batting: RHB Ryan Simpson 0-0: Called Strike
0-1: Swinging Strike
0-2: Ground out 5-3 (Groundball, 56S)
Batting: RHB Phil Fleming 0-0: Ball
1-0: Foul Ball, location: 2F
1-1: Foul Ball, location: 2F
1-2: Ball
2-2: SINGLE (Groundball, 4MD)
Batting: LHB Sébastien Rolland 0-0: Ball
1-0: Ball
2-0: SINGLE (Groundball, 56D)
Phil Fleming to second
Batting: RHB Russell Jackson 0-0: Foul Ball, location: 2F
0-1: Fielders Choice at 2nd, 5-4 (Groundball, 56)
Phil Fleming to third
Batting: RHB Jerome Wilson 0-0: Called Strike
0-1: Called Strike
0-2: Ball
1-2: SINGLE (Flyball, 8LS)
Phil Fleming scores
Russell Jackson to second
Batting: RHB Soseki Matsunaga 0-0: Called Strike
0-1: Called Strike
0-2: Strikes out swinging
Bottom of the 3rd over - 1 run(s), 3 hit(s), 0 error(s), 2 left on base; Tremont 3 - Scranton 3
TOP OF THE 4TH
Tremont Doubledays batting - Pitching for Scranton Supernovas : RHP Robert Archer
Batting: RHB Juan Benítez 0-0: Ball
1-0: Swinging Strike
1-1: Swinging Strike
1-2: Ball
2-2: Strikes out swinging
Batting: RHB Floyd Banks 0-0: Ball
1-0: Fly out, F8 (Flyball, 8LS)
Batting: RHB Manny Rodríguez 0-0: Called Strike
0-1: SINGLE (Line Drive, 89S)
Batting: RHB José Romero 0-0: Ball
1-0: Ball
2-0: SINGLE (Flyball, 89S)
Manny Rodríguez to second
Runner from 2nd tries for 3rd, SAFE, throw made to third
Batting: SHB Ludovico Bluemel 0-0: Ball
1-0: Foul Ball, location: 2F
1-1: Ball
2-1: Called Strike
2-2: Fly out, F7 (Flyball, 7S)
Top of the 4th over - 0 run(s), 2 hit(s), 0 error(s), 2 left on base; Tremont 3 - Scranton 3
BOTTOM OF THE 4TH
Scranton Supernovas batting - Pitching for Tremont Doubledays : LHP Benjamin Brouwer
Batting: LHB Lee Williams 0-0: Ball
1-0: Swinging Strike
1-1: Swinging Strike
1-2: Ball
2-2: Strikes out swinging
Batting: RHB Matt Brown 0-0: Called Strike
0-1: Ball
1-1: Ball
2-1: Ball
3-1: Foul Ball, location: 2F
3-2: Fly out, F3 (Popup, 3SF)
Batting: LHB Mark Evans 0-0: Ground out 1-3 (Groundball, 13)
Bottom of the 4th over - 0 run(s), 0 hit(s), 0 error(s), 0 left on base; Tremont 3 - Scranton 3
TOP OF THE 5TH
Tremont Doubledays batting - Pitching for Scranton Supernovas : RHP Robert Archer
Batting: RHB Juan Torres 0-0: Called Strike
0-1: Ball
1-1: Foul Ball, location: 2F
1-2: Ball
2-2: Fly out, F3 (Popup, 3F)
Batting: SHB Carroll Kline 0-0: Called Strike
0-1: Swinging Strike
0-2: Ground out 5-3 (Groundball, 56S)
Batting: LHB Arturo Acosta 0-0: Ball
1-0: DOUBLE (Flyball, 9D)
Batting: SHB Tom Smith 0-0: Ball
1-0: Foul Ball, location: 2F
1-1: Fly out, F7 (Flyball, 7M)
Top of the 5th over - 0 run(s), 1 hit(s), 0 error(s), 1 left on base; Tremont 3 - Scranton 3
BOTTOM OF THE 5TH
Scranton Supernovas batting - Pitching for Tremont Doubledays : LHP Benjamin Brouwer
Batting: RHB Ryan Simpson 0-0: Ball
1-0: Ball
2-0: Called Strike
2-1: Swinging Strike
2-2: Ground out 5-3 (Groundball, 56S)
Batting: RHB Phil Fleming 0-0: Called Strike
0-1: Ball
1-1: Ball
2-1: Foul Ball, location: 2F
2-2: Foul Ball, location: 2F
2-2: Fly out, F8 (Flyball, 8RXD)
Batting: LHB Sébastien Rolland 0-0: Ball
1-0: Ground out 6-3 (Groundball, 6M)
Bottom of the 5th over - 0 run(s), 0 hit(s), 0 error(s), 0 left on base; Tremont 3 - Scranton 3
TOP OF THE 6TH
Tremont Doubledays batting - Pitching for Scranton Supernovas : RHP Robert Archer
Batting: RHB Juan Benítez 0-0: Ball
1-0: Ball
2-0: Ball
3-0: Called Strike
3-1: Ground out 1-3 (Groundball, 15S)
Batting: RHB Floyd Banks 0-0: SINGLE (Groundball, 56D)
Batting: RHB Manny Rodríguez 0-0: Ball
1-0: Ball
2-0: Swinging Strike
2-1: Ball
Passed Ball!
Floyd Banks to second
3-1: Called Strike
3-2: Ground out 4-3 (Groundball, 4)
Floyd Banks to third
Batting: RHB José Romero 0-0: Ball
1-0: Foul Ball, location: 2F
1-1: Ground out 5-3 (Groundball, 56)
Top of the 6th over - 0 run(s), 1 hit(s), 0 error(s), 1 left on base; Tremont 3 - Scranton 3
BOTTOM OF THE 6TH
Scranton Supernovas batting - Pitching for Tremont Doubledays : LHP Benjamin Brouwer
Batting: RHB Russell Jackson 0-0: Ball
1-0: SINGLE (Groundball, 56)
Batting: RHB Jerome Wilson 0-0: Called Strike
0-1: Called Strike
0-2: Ball
1-2: Foul Ball, location: 2F
1-2: Ball
2-2: Ball
3-2: Strikes out swinging
Batting: RHB Soseki Matsunaga 0-0: Ball
1-0: Called Strike
1-1: Ball
2-1: Ball
3-1: Foul Ball, location: 2F
3-2: Base on Balls
Russell Jackson to second
Batting: LHB Lee Williams 0-0: Ball
1-0: Grounds into double play, 4-6-3 (Groundball, 4M)
Bottom of the 6th over - 0 run(s), 1 hit(s), 0 error(s), 1 left on base; Tremont 3 - Scranton 3
TOP OF THE 7TH
Tremont Doubledays batting - Pitching for Scranton Supernovas : RHP Robert Archer
Batting: SHB Ludovico Bluemel 0-0: Called Strike
0-1: Ground out 3-1 (Groundball, 34S)
Batting: RHB Juan Torres 0-0: Ball
1-0: Called Strike
1-1: Ball
2-1: Ground out U3 (Groundball, 3S)
Batting: SHB Carroll Kline 0-0: Swinging Strike
0-1: Ball
1-1: Called Strike
1-2: Strikes out swinging
Top of the 7th over - 0 run(s), 0 hit(s), 0 error(s), 0 left on base; Tremont 3 - Scranton 3
BOTTOM OF THE 7TH
Scranton Supernovas batting - Pitching for Tremont Doubledays : LHP Benjamin Brouwer
Pinch Hitting: RHB Lance Davis 0-0: Ball
1-0: Called Strike
1-1: Fly out, F2 (Popup, 2RF)
Batting: LHB Mark Evans 0-0: Ball
1-0: Fly out, F7 (Line Drive, 78M)
Batting: RHB Ryan Simpson 0-0: Ball
1-0: Foul Ball, location: 2F
1-1: Foul Ball, location: 2F
1-2: Foul Ball, location: 2F
1-2: Ground out 5-3 (Groundball, 5)
Bottom of the 7th over - 0 run(s), 0 hit(s), 0 error(s), 0 left on base; Tremont 3 - Scranton 3
TOP OF THE 8TH
Tremont Doubledays batting - Pitching for Scranton Supernovas : RHP Robert Archer
Pitching: LHP Jason Dudley
Now in RF: Lance Davis
Pinch Hitting: RHB Billy Fitzgerald 0-0: Called Strike
0-1: Swinging Strike
0-2: Ground out 3-1 (Groundball, 34S)
Batting: SHB Tom Smith 0-0: Called Strike
0-1: Ball
1-1: SOLO HOME RUN (Flyball, 7D), Distance : 406 ft
Batting: RHB Juan Benítez 0-0: Reached on error, E5 (Groundball, 5S)
Batting: RHB Floyd Banks 0-0: Ball
1-0: Ball
2-0: Fly out, F6 (Line Drive, 6)
Pinch Hitting: RHB Sean Young 0-0: Ball
1-0: Ball
2-0: Ball
3-0: Base on Balls
Juan Benítez to second
Batting: RHB José Romero 0-0: Called Strike
0-1: Ball
1-1: Swinging Strike
1-2: Ball
2-2: Foul Ball, location: 2F
2-2: Foul Ball, location: 2F
2-2: SINGLE (Line Drive, 56)
Juan Benítez to third
Sean Young to second
Runner from 3rd tries for Home, SAFE, no throw or cutoff
Pitching: RHP Paul Clark
Batting: SHB Ludovico Bluemel 0-0: Called Strike
0-1: Foul Ball, location: 2F
0-2: Ball
1-2: Ball
2-2: Fly out, F3 (Line Drive, 3)
Top of the 8th over - 2 run(s), 2 hit(s), 1 error(s), 2 left on base; Tremont 5 - Scranton 3
BOTTOM OF THE 8TH
Scranton Supernovas batting - Pitching for Tremont Doubledays : LHP Benjamin Brouwer
Now at 2B: Steven Poe
Now in CF: Jim Unknown
Batting: RHB Phil Fleming 0-0: Ball
1-0: Ball
2-0: Foul Ball, location: 2F
2-1: Ball
3-1: Base on Balls
Batting: LHB Sébastien Rolland 0-0: Ball
1-0: Called Strike
1-1: Foul Ball, location: 2F
1-2: Ball
2-2: Foul Ball, location: 2F
2-2: 2-RUN HOME RUN (Flyball, 9D), Distance : 399 ft
Pitching: RHP Ramón Lara
Batting: RHB Russell Jackson 0-0: SOLO HOME RUN (Flyball, 7D), Distance : 400 ft
Batting: RHB Jerome Wilson 0-0: Foul Ball, location: 2F
0-1: Ball
1-1: Ball
2-1: SINGLE (Groundball, 56D)
Pitching: RHP Jorge Torres
Batting: RHB Soseki Matsunaga 0-0: Fly out, F8 (Flyball, 8RM)
Pitching: LHP Glenn Boyer
Pinch Hitting: RHB Pedro Robles 0-0: Called Strike
0-1: Ball
1-1: Ball
2-1: Swinging Strike
2-2: Foul Ball, location: 2F
2-2: Grounds into double play, 6-4-3 (Groundball, 6)
Bottom of the 8th over - 3 run(s), 3 hit(s), 0 error(s), 0 left on base; Tremont 5 - Scranton 6
TOP OF THE 9TH
Tremont Doubledays batting - Pitching for Scranton Supernovas : RHP Paul Clark
Pitching: RHP Alberto Ortíz
Now at 3B: Pedro Robles
Batting: RHB Juan Torres 0-0: Ground out 2-3 (Groundball, 2L)
Batting: SHB Carroll Kline 0-0: Called Strike
0-1: Foul Ball, location: 2F
0-2: Ball
1-2: Ball
2-2: Ball
3-2: Strikes out swinging
Pinch Hitting: LHB Jarred Smith 0-0: Called Strike
0-1: Foul Ball, location: 2F
0-2: Strikes out swinging
Top of the 9th over - 0 run(s), 0 hit(s), 0 error(s), 0 left on base; Tremont 5 - Scranton 6
This league is powered by Out of the Park Baseball, the baseball management simulation game for PC, Mac and Linux
Saturday, February 27th, 2021 - OOTP Baseball 15.6 Build 34